 Dungeon Crawl Stone Soup version 0.30-a0-1123-gabc949cf19 (webtiles) character file.

Game seed: 5978431803885304035

94 gelatine the Chopper (level 4, -3/33 HPs)
             Began as a Demonspawn Gladiator on Apr 22, 2023.
             Killed by divine providence
             ... invoked by an orc priest
              (9 damage)
             ... on level 3 of the Dungeon.
             The game lasted 00:04:48 (1549 turns).

gelatine the Chopper (Demonspawn Gladiator)         Turns: 1549, Time: 00:04:49

Health: -3/33      AC:  4    Str: 16    XL:     4   Next: 38%
Magic:  0/5        EV: 12    Int: 15    God:
Gold:   35         SH:  0    Dex: 15    Spells: 4/4 levels left

rFire   . . .        a - +0 war axe
rCold   . . .        (no shield)
rNeg    . . .        b - +0 leather armour
rPois   .            c - +0 helmet
rElec   .            (no cloak)
rCorr   .            (no gloves)
SInv    .            (no boots)
Will    .....        d - amulet of guardian spirit
Stlth   ++           i - +6 ring of intelligence
HPRegen 0.25/turn    (no ring)
MPRegen 0.09/turn

%: guardian spirit
@: no status effects
A: claws 1, powered by pain 1
a: no special abilities


You were on level 3 of the Dungeon.
You visited 1 branch of the dungeon, and saw 3 of its levels.

You collected 77 gold pieces.
You spent 42 gold pieces at shops.

Inventory:

Hand Weapons
 a - a +0 war axe (weapon)
Armour
 b - a +0 leather armour (worn)
 c - a +0 helmet (worn)
Magical Staves
 g - a staff of death
Jewellery
 d - an amulet of guardian spirit (around neck)
 i - a +6 ring of intelligence (left claw)
Wands
 o - a wand of iceblast (7)
Scrolls
 f - 2 scrolls of identify {unknown}
 h - a scroll of teleportation {unknown}
 j - a scroll of enchant armour {unknown}
 m - a scroll of noise {unknown}
 p - a scroll of silence {unknown}
Potions
 k - a potion of curing
 l - 2 potions of mutation {unknown}
 n - a potion of lignification {unknown}
 q - a potion of ambrosia {unknown}


   Skills:
 * Level 2.2 Fighting
 * Level 3.4 Axes
 * Level 2.0 Throwing
 * Level 1.0 Armour
 * Level 3.1 Dodging
 * Level 1.2 Stealth
 * Level 0.6 Spellcasting
 * Level 0.6 Evocations


You had 4 spell levels left.
You didn't know any spells.
Your spell library contained the following spells:

 Spells                   Type           Power      Damage    Failure   Level
 Volatile Blastmotes      Fire/Tloc      0%         2d10      67%         3
 Cause Fear               Hex            0%         N/A       97%         4
 Fulminant Prism          Conj/Hex       0%         3d5       97%         4
 Iskenderun's Mystic Bla  Conj/Tloc      0%         2d3       97%         4
 Leda's Liquefaction      Hex/Erth       0%         N/A       97%         4
 Lee's Rapid Deconstruct  Erth           0%         3d4*      100%        5
 Ignition                 Fire           0%         3d3       100%        8


Dungeon Overview and Level Annotations

Branches:
Dungeon (3/15)

Altars:

Shops:
D:1 [*   D:2 *


Innate Abilities, Weirdness & Mutations

You have sharp fingernails.
You sometimes gain a little power by taking damage.


Message History

You slash the orc priest!
You kill the orc priest!
Your Throwing skill increases to level 2!
Your Armour skill increases to level 1!
You have reached level 4!
You feel agile.
Things that are here:
a +0 dagger; an orc corpse
Things that are here:
a +0 whip; an orc corpse You see here an adder corpse.
Magic restored.
HP restored.
Done exploring.
There is a stone staircase leading down, spattered with blood here.
You climb downwards.
The orc priest looks braver for a moment.
There is a stone staircase leading up here.
Found 4 stones.
The orc priest barely misses you.
You hit the orc priest but do no damage.
The orc priest casts a cantrip, but nothing happens.
The orc priest hits you with a +0 mace.
You barely miss the orc priest.
The orc priest hits you but does no damage.
You closely miss the orc priest. The orc priest hits you with a +0 mace.
The orc priest closely misses you. The orc priest barely misses you.
You barely miss the orc priest. You hit the orc priest.
The orc priest mumbles some strange prayers to Beogh against you.
Beogh smites you! The orc priest barely misses you.
You slash the orc priest!
The orc priest is severely wounded.
You completely miss the orc priest.
The orc priest mumbles some strange prayers to Beogh against you.
Beogh smites you!
* * * LOW HITPOINT WARNING * * *
You focus on the pain.
You feel your power returning.
The orc priest invokes the aid of Beogh against you.
Beogh smites you!
You die...

### .... ....
.....
###########.(..#
##.....##....>.#
##.....$........##
#(....o@..<......#
#......o.........#
#................^
#....!.)......$..#
#................#
#....?...........#
##........[.....#.
##(....##.....##
##### ##.####


You could see 2 orc priests.

Vanquished Creatures
  An orc priest (D:2)
  2 adders (D:2)
  2 dart slugs
  3 orcs
  6 bats
  7 endoplasms
  2 giant cockroaches
  2 goblins
  3 hobgoblins
  2 quokkas
  2 ball pythons
  4 kobolds
  2 rats (D:1)
38 creatures vanquished.

Notes
Turn   | Place    | Note
-------+----------+-------------------------------------------
     0 | D:1      | gelatine the Demonspawn Gladiator began the quest for the
                  | Orb.
     0 | D:1      | Reached XP level 1. HP: 16/16 MP: 1/1
   270 | D:1      | Found Igeigotari's General Store.
   283 | D:1      | Gained mutation: You have sharp fingernails. [demonic
                  | ancestry]
   283 | D:1      | Reached XP level 2. HP: 16/22 MP: 2/2
   423 | D:1      | Found Vix Epih's Armour Shop.
   871 | D:1      | Bought a potion of curing for 42 gold pieces
   909 | D:2      | Found Fewn's Assorted Antiques.
   974 | D:2      | Found a faded altar of an unknown god.
   981 | D:2      | Gained mutation: You sometimes gain a little power by
                  | taking damage. [demonic ancestry]
   981 | D:2      | Reached XP level 3. HP: 20/27 MP: 3/3
  1108 | D:2      | Reached skill level 1 in Stealth
  1238 | D:2      | Got the Directory of the Evil Eye and the Dragon
  1415 | D:2      | HP: 1/27 [orc priest/nerve-wracking pain (2)]
  1417 | D:2      | Reached skill level 1 in Armour
  1417 | D:2      | Reached XP level 4. HP: 2/33 MP: 0/5
  1549 | D:3      | Killed from afar by an orc priest

Illustrated notes

Levels and vault maps discovered:
D:1:      nicolae_arrival_somewhat_less_tricky_arrival, layout_rooms,
          serial_shops, nicolae_shop_back_alley_shop, nicolae_shop_tiny_glass,
          serial_corexii_hall, chequers_hall_statues_y, corexii_hall_statues_l,
          serial_park_tiny_2, minmay_crystal_room, interstate_on_off
D:2:      layout_rooms, serial_shops, shop, hellmonk_ecumenical_altar_crossroads
D:3:      layout_rooms, uniq_terence, uniq_crazy_yiuf_cottage

Skill      XL: |  1  2  3 |
---------------+----------+-----
Axes           | 3 |  3.4
Stealth        | 1 |  1.2
Dodging        | 3 |  3.1
Throwing       | 2 |  2.0
Armour         | 1 |  1.0
Fighting       | |  2.2
Spellcasting   | |  0.6
Evocations     | |  0.6

Action                     |  1- 3 |  4- 6 || total
---------------------------+-------+-------++-------
  Melee: War axe           |    89 |     5 ||    94
  Throw: Throwing net      |     4 |       ||     4
         Javelin           |     7 |       ||     7
    Use: Potion            |     1 |       ||     1
   Stab: Sleeping          |     2 |       ||     2
 Armour: Leather armour    |    49 |     1 ||    50
  Dodge: Dodged            |    76 |     4 ||    80

Table legend: (Time is in decaauts)
 A = Elapsed time spent in this place.
 B = Non-inter-level travel time spent in this place.
 C = Inter-level travel time spent in this place.
 D = Time resting spent in this place.
 E = Time spent auto-exploring this place.
 F = Levels seen in this place.
 G = Mean time per level.
                   A        B        C        D        E       F      G
               +--------+--------+--------+--------+--------+-----+--------+
         Total |   1583 |   1425 |    158 |      0 |   1099 |   3 |  527.7 |
       Dungeon |   1583 |   1425 |    158 |      0 |   1099 |   3 |  527.7 |
               +--------+--------+--------+--------+--------+-----+--------+

Top non-repeatable levels by time:
     D:1: 892 daAuts
     D:2: 671 daAuts
     D:3: 19 daAuts
